 Dungeon Crawl Stone Soup version 0.31-a0-851-g7ff8af7976 (webtiles) character file.

Game seed: 12955940052405350956

437 porpoise the Vexing (level 6, -3/41 HPs)
             Began as a Demonspawn Enchanter on Oct 7, 2023.
             Slain by a gnoll
             ... wielding a +0 flail
             ... led by a gnoll bouda
              (7 damage)
             ... on level 5 of the Dungeon.
             The game lasted 00:20:14 (3274 turns).

porpoise the Vexing (Demonspawn Enchanter)          Turns: 3274, Time: 00:20:15

Health: -3/41      AC:  5    Str:  8    XL:     6   Next: 69%
Magic:  1/10       EV: 11    Int: 19    God:
Gold:   102        SH:  4    Dex: 13    Spells: 5/10 levels left

rFire   . . .        a - +0 dagger (drain)
rCold   . . .        p - +0 buckler
rNeg    . . .        n - +0 robe
rPois   .            v - +0 helmet
rElec   .            y - scarf {repulsion}
rCorr   .            (no gloves)
SInv    +            (no boots)
Will    .....        (no amulet)
Stlth   ++           q - ring of see invisible
HPRegen 0.26/turn    (no ring)
MPRegen 0.12/turn

%: repel missiles
@: mighty, about to teleport
A: molten scales 1
a: no special abilities


You were on level 5 of the Dungeon.
You visited 1 branch of the dungeon, and saw 5 of its levels.

You collected 240 gold pieces.
You spent 138 gold pieces at shops.

Inventory:

Hand Weapons
 a - a +0 dagger of draining (weapon)
 b - a +0 sling
 A - a +2 dagger of electrocution
Missiles
 c - 3 boomerangs
 z - 3 poisoned darts
Armour
 n - a +0 robe (worn)
 p - a +0 buckler (worn)
 v - a +0 helmet (worn)
 y - a scarf of repulsion (worn)
Jewellery
 q - a ring of see invisible (left hand)
Wands
 C - a wand of paralysis (4)
Scrolls
 f - a scroll of enchant armour {unknown}
 g - 2 scrolls of teleportation
 i - a scroll of noise {unknown}
 j - a scroll of poison
 k - a scroll of blinking {unknown}
 m - a scroll of immolation
 t - a scroll of brand weapon {unknown}
 u - a scroll of vulnerability {unknown}
 B - a scroll of torment {unknown}
Potions
 d - a potion of might
 e - a potion of heal wounds
 h - 3 potions of ambrosia
 l - a potion of cancellation
 o - a potion of enlightenment {unknown}
 r - 2 potions of curing {unknown}
 s - a potion of attraction {unknown}
 w - a potion of brilliance {unknown}
 x - a potion of mutation


   Skills:
 + Level 2.7 Short Blades
 - Level 1.7 Dodging
 + Level 3.0 Stealth
 * Level 2.9 Spellcasting
 * Level 5.2 Hexes
 - Level 3.0 Ice Magic


You had 5 spell levels left.
You knew the following spells:

 Your Spells              Type           Power      Damage    Failure   Level
a - Confusing Touch       Hex            22%        N/A       9%          3
e - Ensorcelled Hibernat  Hex/Ice        36%        N/A       7%          2

Your spell library contained the following spells:

 Spells                   Type           Power      Damage    Failure   Level
 Tukima's Dance           Hex            22%        N/A       9%          3
 Dazzling Flash           Conj/Hex       24%        N/A       26%         3
 Lesser Beckoning         Tloc           4%         N/A       36%         2
 Gell's Gravitas          Tloc           2%         N/A       58%         3
 Teleport Other           Tloc           2%         N/A       58%         3
 Volatile Blastmotes      Fire/Tloc      4%         2d10      58%         3
 Fulminant Prism          Conj/Hex       6%         3d6       63%         4
 Iskenderun's Mystic Bla  Conj/Tloc      2%         2d3       94%         4


Dungeon Overview and Level Annotations

Branches:
Dungeon (5/15)
 Temple: D:4-7

Altars:
Okawaru

Shops:
D:3 !   D:4 *


Innate Abilities, Weirdness & Mutations

You are partially covered in molten scales. (AC +2)


Message History

The orc wizard casts a spell at you. The magic dart hits you.
* * * LOW HITPOINT WARNING * * *
The helpless gnoll bouda fails to defend itself.
You puncture the gnoll bouda! You drain the gnoll bouda.
The gnoll bouda is almost dead.
You block the orc's attack.
The gnoll hits you from afar with a +0 spear!
* * * LOW HITPOINT WARNING * * *
The gnoll bouda closely misses you.
The orc wizard casts a spell.
The orc wizard flickers and vanishes for a moment.
You feel much better.
The orc wizard hits you but does no damage.
The orc hits you with a +0 flail! The gnoll hits you but does no damage.
The gnoll bouda hits you with a +0 whip.
You hit the gnoll bouda.
You kill the gnoll bouda!
Your attacks no longer feel as feeble.
The orc closely misses you.
The gnoll hits you from afar with a +0 spear.
You block the orc wizard's attack. You block the gnoll's attack.
Your Stealth skill increases to level 3!
Casting: Ensorcelled Hibernation (safe; 7% risk of failure)
Confirm with . or Enter, or press ? or * to list all spells.
You don't have enough magic to cast this spell.
Unknown command.
It was a potion of might.
You feel very mighty all of a sudden.
The orc wizard gestures at you while chanting.
The puff of flame hits you!
* * * LOW HITPOINT WARNING * * *
The orc hits you but does no damage. The gnoll barely misses you.
You block the gnoll's attack.
As you read the scroll of teleportation, it crumbles to dust.
You feel strangely unstable. The orc barely misses you.
The gnoll hits you from afar with a +0 spear!
* * * LOW HITPOINT WARNING * * *
The orc wizard closely misses you. The gnoll hits you with a +0 flail!
You die...

#.......#..# ....
#.#.......###.....
.#.#.#...#....#
#.#.#.#.#.#####
.#.#.#.#......#
.#.#.#.#.....#
.#.#.#......#
#.#.#o#.....#
.#.#'#@######
......g#og.....
....... .......
....... .......
....... .......
....... .#.....
.....[. .#.#.#.
....... .#....


You could see an orc wizard (invisible), 2 gnolls and an orc.

Vanquished Creatures
  Blork the orc (D:4)
  A howler monkey (D:4)
  A gnoll bouda (D:5)
  2 orc priests
  Crazy Yiuf (D:4)
  Ijyb (D:5)
  3 gnolls (D:5)
  6 adders
  A dart slug (D:3)
  6 orcs
  6 bats
  11 endoplasms
  4 giant cockroaches
  8 goblins
  8 hobgoblins
  8 jackals (D:2)
  3 quokkas
  5 ball pythons
  5 frilled lizards
  14 kobolds
  7 rats
102 creatures vanquished.

Vanquished Creatures (others)
  An orc wizard (D:4)
1 creature vanquished.

Grand Total: 103 creatures vanquished

Notes
Turn   | Place    | Note
-------+----------+-------------------------------------------
     0 | D:1      | porpoise the Demonspawn Enchanter began the quest for the
                  | Orb.
     0 | D:1      | Reached XP level 1. HP: 13/13 MP: 3/3
    69 | D:1      | Reached skill level 1 in Short Blades
   279 | D:1      | Gained mutation: You are partially covered in molten
                  | scales. (AC +2) [demonic ancestry]
   279 | D:1      | Reached XP level 2. HP: 19/19 MP: 5/5
   349 | D:1      | Learned a level 2 spell: Ensorcelled Hibernation
   810 | D:2      | Reached XP level 3. HP: 16/24 MP: 6/6
   870 | D:2      | Found a faded altar of an unknown god.
  1025 | D:2      | Reached skill level 1 in Ice Magic
  1355 | D:2      | Reached XP level 4. HP: 29/30 MP: 7/7
  1699 | D:3      | Reached skill level 4 in Hexes
  1979 | D:3      | Found Wetuzxuc's Distillery.
  1986 | D:3      | Bought a potion of mutation for 88 gold pieces
  1986 | D:3      | Bought a potion of degeneration for 11 gold pieces
  2393 | D:4      | Learned a level 3 spell: Confusing Touch
  2482 | D:4      | Found Nenniuh's Assorted Antiques.
  2539 | D:4      | Found an iron altar of Okawaru.
  2561 | D:4      | Reached XP level 5. HP: 14/35 MP: 8/8
  2668 | D:4      | Noticed Blork the orc
  2685 | D:4      | Killed Blork the orc
  2833 | D:4      | Reached XP level 6. HP: 41/41 MP: 9/9
  3013 | D:4      | Bought a metallic dark potion for 18 gold pieces
  3013 | D:4      | Bought a scroll labelled BIJESU TIFOFAD for 21 gold pieces
  3035 | D:4      | Found a runed translucent door.
  3036 | D:4      | Noticed Crazy Yiuf
  3045 | D:4      | Killed Crazy Yiuf
  3130 | D:5      | Entered Level 5 of the Dungeon
  3155 | D:5      | Reached skill level 5 in Hexes
  3180 | D:5      | Noticed Ijyb
  3182 | D:5      | Paralysed by Ijyb for 5 turns
  3196 | D:5      | Killed Ijyb
  3274 | D:5      | Slain by a gnoll

Illustrated notes

Levels and vault maps discovered:
D:1:      giann_horns, layout_loops_ring
D:2:      layout_loops_cross, shapermc_ecumenical_altar_gd,
          kennysheep_big_empty_room, serial_bayou_lake_a
D:3:      minmay_inner_zag, layout_rooms, serial_shops,
          nicolae_shop_rolling_square, wander_ebering_terrifying_dragon_lair
D:4:      layout_cave_pools, okawaru_trees_2, serial_shops,
          nicolae_shop_peninsula, nicolae_the_louvre, uniq_crazy_yiuf_cottage,
          uniq_blork_the_orc
D:5:      layout_basic, kennysheep_mini_moat, minmay_hollow_rounded_squares,
          uniq_ijyb

Skill      XL: |  1  2  3  4  5  6 |
---------------+-------------------+-----
Short Blades   | 1 2 |  2.7
Ice Magic      | 1 2 3 |  3.0
Hexes          | 4 5 |  5.2
Stealth        | 3 |  3.0
Dodging        | |  1.7
Spellcasting   | |  2.9

Action                     |  1- 3 |  4- 6 || total
---------------------------+-------+-------++-------
  Melee: Dagger            |   135 |   145 ||   280
   Fire: Sling             |     3 |     4 ||     7
   Cast: Ensorcelled Hiber |     1 |     9 ||    10
         Confusing Touch   |       |     1 ||     1
  Evoke: Wand              |       |     1 ||     1
    Use: Scroll            |       |     7 ||     7
         Potion            |       |     6 ||     6
   Stab: Sleeping          |     9 |    12 ||    21
         Distracted        |       |     1 ||     1
         Invisible         |       |     5 ||     5
         Paralysed         |       |     1 ||     1
 Armour: Robe              |    59 |    76 ||   135
  Dodge: Dodged            |    68 |    79 ||   147
  Block: Buckler           |     1 |    19 ||    20

Table legend: (Time is in decaauts)
 A = Elapsed time spent in this place.
 B = Non-inter-level travel time spent in this place.
 C = Inter-level travel time spent in this place.
 D = Time resting spent in this place.
 E = Time spent auto-exploring this place.
 F = Levels seen in this place.
 G = Mean time per level.
                   A        B        C        D        E       F      G
               +--------+--------+--------+--------+--------+-----+--------+
         Total |   3290 |   3153 |    137 |    455 |   1870 |   5 |  658.0 |
       Dungeon |   3290 |   3153 |    137 |    455 |   1870 |   5 |  658.0 |
               +--------+--------+--------+--------+--------+-----+--------+

Top non-repeatable levels by time:
     D:4: 864 daAuts
     D:2: 829 daAuts
     D:1: 782 daAuts
     D:3: 671 daAuts
     D:5: 142 daAuts
